 Dungeon Crawl Stone Soup version 0.31.0-11-ge490571c62 (webtiles) character file.

Game seed: 2515981581820878926

641 SmokeWeed the Sneak (level 7, -3/40 HPs)
             Began as a Kobold Enchanter on Feb 2, 2024.
             Killed by divine providence
             ... invoked by an orc priest
              (8 damage)
             ... on level 4 of the Dungeon.
             The game lasted 00:17:21 (3992 turns).

SmokeWeed the Sneak (Kobold Enchanter)              Turns: 3992, Time: 00:17:22

Health: -3/40      AC:  4    Str: 13    XL:     7   Next: 81%
Magic:  0/11       EV: 15    Int: 19    God:
Gold:   227        SH:  0    Dex: 18    Spells: 3/11 levels left

rFire   . . .        m - +8 morningstar "Vocihocwapn" {holy, Dex+3 Stlth+}
rCold   . . .        (no shield)
rNeg    . . .        n - +0 leather armour {Will+}
rPois   .            (no helmet)
rElec   .            (no cloak)
rCorr   +            i - +0 pair of gloves
SInv    .            (no boots)
Will    +....        c - amulet "Uckaaxaa" {Spirit rCorr Str+2}
Stlth   ++++++       l - +6 ring of strength
HPRegen 0.26/turn    (no ring)
MPRegen 0.12/turn

%: guardian spirit
@: lethally poisoned (-3 -> -11)
A: small, no large weapons, nightstalker 3
a: no special abilities


You were on level 4 of the Dungeon.
You visited 1 branch of the dungeon, and saw 5 of its levels.

You collected 227 gold pieces.

Inventory:

Hand Weapons
 a - a +2 dagger
 e - the +4 morningstar "Xiev" {flame, Str+3}
   (You found it on level 2 of the Dungeon)

   Str+3:     It affects your strength (+3).
 m - the +8 morningstar "Vocihocwapn" (weapon) {holy, Dex+3 Stlth+}
   (You acquired it on level 3 of the Dungeon)

   Dex+3:     It affects your dexterity (+3).
   Stlth+:    It makes you more stealthy.
Missiles
 h - 6 boomerangs
 s - a throwing net
 v - 3 javelins
Armour
 b - a +0 robe
 i - a +0 pair of gloves (worn)
 j - a +0 kite shield
 n - a +0 leather armour of willpower (worn)
Jewellery
 c - the amulet "Uckaaxaa" (around neck) {Spirit rCorr Str+2}
   (You acquired it on level 5 of the Dungeon)

   [amulet of guardian spirit]

   Spirit:    It causes incoming damage to be divided between your reserves of
   health and magic.
   Str+2:     It affects your strength (+2).
   rCorr:     It protects you from acid and corrosion.
 l - a +6 ring of strength (left hand)
Scrolls
 k - 2 scrolls of amnesia
 u - a scroll of identify
Potions
 d - 2 potions of attraction {unknown}
 f - 2 potions of heal wounds {unknown}
 g - a potion of might {unknown}
 o - a potion of haste
 p - a potion of resistance {unknown}
 r - 2 potions of curing {unknown}


   Skills:
 + Level 2.1 Fighting
 + Level 1.6 Short Blades
 + Level 3.0 Maces & Flails
 + Level 1.1 Armour
 + Level 3.8 Dodging
 * Level 7.3 Stealth
 * Level 2.9 Spellcasting
 * Level 3.2 Hexes
 * Level 2.7 Ice Magic


You had 3 spell levels left.
You knew the following spells:

 Your Spells              Type           Power      Damage    Failure   Level
a - Ensorcelled Hibernat  Hex/Ice        28%        N/A       9%          2
b - Tukima's Dance        Hex            15%        N/A       16%         3
c - Confusing Touch       Hex            15%        N/A       16%         3

Your spell library contained the following spells:

 Spells                   Type           Power      Damage    Failure   Level
 Ozocubu's Armour         Ice            13%        N/A       19%         3
 Cigotuvi's Dreadful Rot  Necr/Alch/Air  4%         N/A       30%         2
 Dazzling Flash           Conj/Hex       18%        N/A       30%         3
 Fugue of the Fallen      Necr           2%         N/A       52%         3
 Anguish                  Hex/Necr       4%         N/A       69%         4
 Metabolic Englaciation   Hex/Ice        7%         N/A       83%         5
 Ignite Poison            Fire/Alch      2%         N/A       89%         4
 Olgreb's Toxic Radiance  Alch           2%         N/A       89%         4
 Freezing Cloud           Conj/Ice/Air   3%         6-21      98%         5
 Sculpt Simulacrum        Ice/Alch       4%         N/A       100%        6
 Ozocubu's Refrigeration  Ice            6%         4d8       100%        7
 Discord                  Hex            7%         N/A       100%        8


Dungeon Overview and Level Annotations

Branches:
Dungeon (5/15)
 Temple: D:4-7

Altars:
Elyvilon
Uskayaw


Innate Abilities, Weirdness & Mutations

You are small and have problems with some larger weapons.
You are completely attuned to the shadows.


Message History

You catch the helpless iguana completely off-guard!
You sock the iguana!
You kill the iguana!
Your Armour skill increases to level 1!
A kobold comes into view. It is wielding a +0 club.
An orc priest comes into view. It is wielding a +0 short sword.
The helpless kobold fails to defend itself.
You impale the kobold!!
You kill the kobold!
An orc comes into view. It is wielding a +0 hand axe of venom.
Things that are here:
a +0 club; a stone; a kobold corpse
Casting: Confusing Touch (dangerous; 16% risk of failure)
Press: ? - help, Q - select action, (/) - cycle Dir - look around, f - activate Your hands begin to glow red.
The orc priest shouts!
You hear a shout! x2
An orc and an orc priest come into view.
The orc barely misses you.
You barely miss the orc priest.
The orc hits you with a +0 hand axe of venom.
You are poisoned.
The orc priest invokes the aid of Beogh against you.
Beogh smites you!
You hit the orc priest but do no damage.
The orc priest appears confused.
You feel very sick.
The orc hits you with a +0 hand axe of venom.
You are more poisoned.
You feel very sick.
The orc priest mumbles some strange prayers to Beogh against you.
Beogh smites you!
* * * LOW HITPOINT WARNING * * *
The orc attacks as it pursues you! The orc barely misses you.
Things that are here:
a +0 club; a stone; a kobold corpse
* * * LOW HITPOINT WARNING * * *
You feel very sick.
The orc priest mumbles some strange prayers to Beogh against you.
Beogh smites you!
You die...

.......####.#
#......# ###
##.....# #..#
#.....## ..o.
##.....## ....##
#......#
...o.####...##.
.....##..#...##
....oo@####...###
###..### #.....#
#### ##...##
#..## #..# ####


You could see an orc priest and 2 orcs.

Vanquished Creatures
  Sigmund (D:2)
  An ogre (D:4)
  3 scorpions (D:4)
  An orc priest (D:4)
  Jessica (D:3)
  2 iguanas (D:4)
  2 adders (D:2)
  3 ribbon worms
  2 dart slugs
  5 orcs
  7 ball pythons
  9 bats
  3 endoplasms
  2 giant cockroaches
  7 goblins
  3 hobgoblins
  6 kobolds
  3 quokkas
  2 frilled lizards
  7 rats
70 creatures vanquished.

Notes
Turn   | Place    | Note
-------+----------+-------------------------------------------
     0 | D:1      | SmokeWeed the Kobold Enchanter began the quest for the Orb.
     0 | D:1      | Reached XP level 1. HP: 10/10 MP: 3/3
    90 | D:1      | Reached XP level 2. HP: 9/15 MP: 5/5
   125 | D:1      | You fall into a shaft and drop 1 floor!
   127 | D:2      | Identified the +4 morningstar "Xiev" {flame, Str+3}
   148 | D:2      | Reached skill level 5 in Stealth
   214 | D:2      | Learned a level 2 spell: Ensorcelled Hibernation
   511 | D:1      | Reached XP level 3. HP: 14/19 MP: 6/6
   576 | D:1      | Learned a level 3 spell: Tukima's Dance
   705 | D:1      | Reached skill level 1 in Ice Magic
   767 | D:1      | Found a faded altar of an unknown god.
  1182 | D:2      | Reached XP level 4. HP: 11/24 MP: 4/7
  1407 | D:2      | Noticed Sigmund
  1415 | D:2      | Killed Sigmund
  1416 | D:2      | Reached skill level 1 in Fighting
  1416 | D:2      | Reached XP level 5. HP: 29/29 MP: 8/8
  1416 | D:2      | Reached XP level 6. HP: 34/34 MP: 9/9
  1420 | D:2      | Learned a level 3 spell: Confusing Touch
  2163 | D:3      | Found a hide-covered altar of Uskayaw.
  2310 | D:3      | Identified 2 scrolls of acquirement
  2310 | D:3      | Acquired the +8 morningstar "Vocihocwapn" {holy, Dex+3
                  | Stlth+}
  2509 | D:3      | Noticed Jessica
  2513 | D:3      | Killed Jessica
  2796 | D:3      | Found a white marble altar of Elyvilon.
  3124 | D:4      | Reached skill level 6 in Stealth
  3329 | D:4      | Reached XP level 7. HP: 30/38 MP: 7/11
  3503 | D:4      | Reached skill level 7 in Stealth
  3782 | D:5      | Entered Level 5 of the Dungeon
  3783 | D:5      | Acquired the amulet "Uckaaxaa" {Spirit rCorr Str+2}
  3936 | D:4      | Reached skill level 1 in Armour
  3992 | D:4      | Killed from afar by an orc priest

Illustrated notes

Levels and vault maps discovered:
D:1:      lightli_arrival_windingriver, layout_rooms,
          shapermc_ecumenical_altar_totnotflames
D:2:      minmay_general_purpose_star, layout_basic, uniq_sigmund
D:3:      wad_river_or_something, layout_basic,
          mainiacjoe_overflow_concentric_impassable,
          mainiacjoe_overflow_boulevard, uniq_jessica
D:4:      layout_layer_cave
D:5:      layout_cave_pools, nemelex_spade_bored_becter,
          minmay_temple_entry_proselytizer, saegor_snake_ambush,
          uniq_prince_ribbit1

Skill      XL: |  1  2  3  4  5  6  7 |
---------------+----------------------+-----
Stealth        | 5 6 7 |  7.3
Ice Magic      | 1 2 |  2.7
Dodging        | 3 |  3.8
Fighting       | 1 2 |  2.1
Maces & Flails | 2 3 |  3.0
Armour         | 1 |  1.1
Short Blades   | |  1.6
Spellcasting   | |  2.9
Hexes          | |  3.2

Action                     |  1- 3 |  4- 6 |  7- 9 || total
---------------------------+-------+-------+-------++-------
  Melee: Dagger            |    13 |       |       ||    13
         Morningstar       |    62 |    45 |    29 ||   136
  Throw: Boomerang         |       |       |     1 ||     1
   Cast: Ensorcelled Hiber |       |     6 |     3 ||     9
         Confusing Touch   |       |       |     5 ||     5
    Use: Scroll            |     2 |     6 |     2 ||    10
         Potion            |       |     1 |     2 ||     3
   Stab: Sleeping          |    15 |    22 |     2 ||    39
         Invisible         |       |     1 |     2 ||     3
         Confused          |       |       |     4 ||     4
 Armour: Robe              |    42 |     5 |       ||    47
         Leather armour    |       |     3 |    15 ||    18
  Dodge: Dodged            |    77 |    33 |    28 ||   138
  Block: Kite shield       |     6 |       |       ||     6
